 Dungeon Crawl Stone Soup version 0.28.0-53-g5a82cb258f (webtiles) character file.

Game seed: 2307108326093622256

0 ILmort the Firebug (level 1, 0/16 HPs)
             Began as an Ogre Fire Elementalist on Aug 13, 2022.
             Slain by a quokka (1 damage)
             ... on level 1 of the Dungeon.
             The game lasted 00:00:38 (73 turns).

ILmort the Firebug (Ogre Fire Elementalist)           Turns: 73, Time: 00:00:39

Health: 0/16       AC:  7    Str: 11    XL:     1   Next: 0%
Magic:  3/3        EV:  9    Int: 16    God:
Gold:   0          SH:  0    Dex:  9    Spells: 3/4 levels left

rFire   . . .      SeeInvis .   (no weapon)
rCold   . . .      Faith    .   (no shield)
rNeg    . . .      Spirit   .   a - +0 robe
rPois   .          Reflect  .   (helmet restricted)
rElec   .          Harm     .   (no cloak)
rCorr   .          Rampage  .   (gloves unavailable)
Will    .....                   (boots unavailable)
Stlth   +.........              (no amulet)
HPRegen 0.05/turn               b - +4 ring of protection
MPRegen 0.08/turn               (no ring)

@: no status effects
A: large, unfitting armour, tough skin 1
a: no special abilities


You were on level 1 of the Dungeon.
You visited 1 branch of the dungeon, and saw 1 of its levels.

Inventory:

Armour
 a - a +0 robe (worn)
Jewellery
 b - a +4 ring of protection (left hand)
Potions
 c - a potion of curing {unknown}


   Skills:
 + Level 1.7 Dodging
 + Level 1.4 Stealth
 + Level 2.4 Spellcasting
 + Level 0.8 Conjurations
 + Level 2.6 Fire Magic


You had 3 spell levels left.
You knew the following spells:

 Your Spells              Type           Power      Damage    Failure   Level
a - Foxfire               Conj/Fire      28%        2x1d5     10%         1

Your spell library contained the following spells:

 Spells                   Type           Power      Damage    Failure   Level
 Scorch                   Fire           20%        2d6       10%         2
 Conjure Flame            Conj/Fire      7%         6-21      28%         3
 Inner Flame              Hex/Fire       6%         N/A       34%         3
 Flame Wave               Conj/Fire      7%         2d5       67%         4


Dungeon Overview and Level Annotations

Branches:
Dungeon (1/15)

Altars:


Innate Abilities, Weirdness & Mutations

You are too large for most types of armour.
You have tough skin. (AC +1)


Message History

You barely miss the quokka. Your punch misses the quokka.
The rat closely misses you. The quokka closely misses you.
You miss the quokka. The rat bites you. The quokka barely misses you.
You hit the quokka but do no damage. The quokka barely misses you.
The rat barely misses you.
You closely miss the quokka. The quokka barely misses you.
The rat barely misses you.
You closely miss the quokka. The quokka bites you. The rat bites you.
The quokka barely misses you.
You barely miss the quokka. The rat barely misses you.
The quokka completely misses you.
You closely miss the quokka. The rat barely misses you.
The quokka closely misses you.
You miss the quokka. The quokka completely misses you.
The rat bites you but does no damage.
You hit the quokka. The quokka closely misses you. The rat barely misses you.
You miss the quokka. The quokka bites you.
* * * LOW HITPOINT WARNING * * *
The rat bites you but does no damage. The quokka barely misses you.
You closely miss the quokka. The rat closely misses you. The quokka bites you.
* * * LOW HITPOINT WARNING * * *
You completely miss the quokka. The rat bites you but does no damage.
The quokka bites you but does no damage.
You barely miss the quokka. The quokka barely misses you.
The rat bites you but does no damage.
You hit the quokka. The quokka closely misses you. The rat barely misses you.
You barely miss the quokka.
The quokka bites you but does no damage.
The rat barely misses you. The quokka barely misses you.
You closely miss the quokka. The rat bites you but does no damage.
The quokka bites you.
* * * LOW HITPOINT WARNING * * *
You barely miss the quokka. The rat barely misses you.
The quokka barely misses you.
You hit the quokka but do no damage. The quokka closely misses you.
The rat bites you but does no damage.
You closely miss the quokka. The quokka completely misses you.
The rat bites you but does no damage.
You hit the quokka but do no damage. The quokka bites you.
You die...

... #.# #.#
#.# #.# #.#
#r# #@# # #r#
...####'##
..r......#
..###....#
+....+
###....#####
+............
##...########


You could see a quokka and a rat.

Vanquished Creatures (others)
  A foxfire (D:1)
1 creature vanquished.

Notes
Turn   | Place    | Note
-------+----------+-------------------------------------------
     0 | D:1      | ILmort the Ogre Fire Elementalist began the quest for the
                  | Orb.
     0 | D:1      | Reached XP level 1. HP: 16/16 MP: 3/3
    73 | D:1      | Slain by a quokka

Illustrated notes

Levels and vault maps discovered:
D:1:      minmay_arrival_wavy_path, layout_basic,
          shapermc_ecumenical_altar_mp_vishouse, minmay_close_crescents

Action                   || total
-------------------------++-------
Melee: Unarmed           ||    33
 Cast: Foxfire           ||     1
Armor: Robe              ||    24
Dodge: Dodged            ||    36
